 Dungeon Sprint DCSS version 0.22-a0-433-gd2a9cce (webtiles) character file.

96 jerryfan the Protected (level 8, -1/67 HPs)
             Began as a Gnoll Wanderer on May 28, 2018.
             Slain by a six-headed hydra (4 damage)
             ... in the Dungeon (Sprint VI: "Thunderdome").
             The game lasted 00:13:37 (531 turns).

jerryfan the Protected (Gnoll Wanderer)              Turns: 531, Time: 00:13:37

Health: -1/67      AC: 11    Str: 19    XL:     8   Next: 72%
Magic:  18/18      EV: 13    Int: 13    God:
Gold:   149        SH:  0    Dex: 14    Spells: 20/20 levels left

rFire    . . .     SeeInvis .   a - +2 shortbow
rCold    . . .     Gourm    .   (shield currently unavailable)
rNeg     . . .     Faith    .   s - +0 chain mail
rPois    .         Spirit   .   (no helmet)
rElec    .         Reflect  .   (no cloak)
rCorr    .         Harm     .   (no gloves)
MR       .....     Rnd*Rage +   (no boots) Stlth ..........NoTele +
                                (no amulet)
HPRegen  0.21/turn              (no ring)
MPRegen  0.16/turn              (no ring)

@: confused
A: distributed training, fangs 1, repulsion field 1, berserk 1, strong nose
a: no special abilities


You were in the Dungeon.
You were not hungry.

You visited 1 branch You collected 340 gold pieces.
You spent 191 gold pieces at shops.

Inventory:

Hand Weapons
 a - a +2 shortbow (weapon)
 q - a +0 scythe
 r - a +0 mace of crushing
 u - a +0 longbow
 v - a +0 whip of holy wrath
Missiles
 b - 14 arrows (quivered)
 t - 3 tomahawks
Armour
 d - a +0 robe
 s - a +0 chain mail (worn)
Scrolls
 c - 2 scrolls of teleportation
 k - 3 scrolls of blinking
 n - 3 scrolls of fog
Potions
 e - a potion of curing
 g - 4 potions of heal wounds
 h - 4 potions of haste
 i - 2 potions of magic
 j - a potion of berserk rage
 o - a potion of resistance
Comestibles
 f - a ration
 p - 7 chunks of flesh


   Skills:
 + Level 7.2 Fighting
 + Level 6.7 Short Blades
 + Level 6.7 Long Blades
 + Level 6.7 Axes
 + Level 6.7 Maces & Flails
 + Level 6.7 Polearms
 + Level 6.7 Staves
 + Level 6.7 Slings
 + Level 9.4 Bows
 + Level 6.7 Crossbows
 + Level 7.2 Throwing
 + Level 10.7 Armour
 + Level 6.7 Dodging
 + Level 7.1 Stealth
 + Level 6.7 Shields
 + Level 6.7 Unarmed Combat
 + Level 6.7 Spellcasting
 + Level 5.5 Conjurations
 + Level 5.5 Hexes
 + Level 5.5 Charms
 + Level 5.5 Summonings
 + Level 5.5 Necromancy
 + Level 5.5 Translocations
 + Level 5.5 Transmutations
 + Level 5.5 Fire Magic
 + Level 5.5 Ice Magic
 + Level 5.5 Air Magic
 + Level 5.5 Earth Magic
 + Level 5.5 Poison Magic
 + Level 7.3 Invocations
 + Level 6.7 Evocations


You had 20 spell levels left.
You didn't know any spells.
Your spell library was empty.

Dungeon Overview and Level Annotations

Branches:
Dungeon (1/1)

Altars:
Cheibriados
Dithmenos
Fedhas
Gozag
Kikubaaqudgha
Makhleb
Okawaru
Qazlal
Ru
Sif Muna
Trog
Uskayaw
Vehumet
Wu Jian
Xom
Yredelemnul
Zin
The Shining One
Beogh
Jiyva
Lugonu

Shops:
D *[%??*?*:[((!!!!


Innate Abilities, Weirdness & Mutations

Your experience applies equally to all skills.
You have very sharp teeth.
Your uncanny sense of smell can sniff out nearby items.
You are surrounded by a mild repulsion field. (EV +2)
You tend to lose your temper in combat.


Message History

The swamp drake is struck by lightning.
The lightning arcs!
The insubstantial wisp thrums sharply.
The six-headed hydra is struck by lightning.
The lightning arcs!
You are struck by lightning.
The lightning arcs!
The insubstantial wisp thrums sharply.
You are struck by lightning.
The lightning arcs!
The swamp drake is struck by lightning.
The swamp drake dies!
The lightning grounds out.
You closely miss the insubstantial wisp. 10...
The insubstantial wisp hits you.
* * * LOW HITPOINT WARNING * * *
The six-headed hydra bites you!
* * * LOW HITPOINT WARNING * * *
The six-headed hydra bites you!
* * * LOW HITPOINT WARNING * * *
The six-headed hydra bites you but does no damage.
The six-headed hydra bites you.
You die...

##.....## ##∩.....∩##
#∩.......∩# #_......._#
#_......._# #_......._#
###.........###
#⌠...[.......⌠#
######.8@.w......8.######
##∩___..vDv†###.v.....__∩#
###∩[.......8.# #.8........∩
##.............###...........
#⌠..........###...###..÷.....
#⌠..........# #.<.# #........
#⌠..........###...###........
##......)......###...........
###∩........8.# #.8........∩


You could see a six-headed hydra, a tyrant leech and 3 insubstantial wisps.

Vanquished Creatures
  A hydra (D)
  Sigmund (D)
  A yak (D)
  An insubstantial wisp (D)
  An orc warrior (D)
  A black bear (D)
  A scorpion (D)
  A hound (D)
  Terence (D)
  2 worker ants (D)
  A gnoll (D)
  2 worms (D)
  An orc (D)
  A goblin (D)
  A hobgoblin (D)
  A ball python skeleton (D)
18 creatures vanquished.

Vanquished Creatures (others)
  A swamp drake (D)
1 creature vanquished.

Grand Total: 19 creatures vanquished

Notes
Turn   | Place    | Note
-------+----------+-------------------------------------------
     0 | D        | jerryfan the Gnoll Wanderer began the quest for the Orb.
     0 | D        | jerryfan set off with: a +2 shortbow, 23 arrows, 2 scrolls of teleportation, a +0 robe, a potion of curing, a ration, a potion of heal wounds, a potion of haste, 2 potions of magic, a potion of berserk rage, a scroll of blinking
     0 | D        | Reached XP level 1. HP: 17/17 MP: 1/1
     1 | D        | Found an iron altar of Okawaru.
     1 | D        | Found a shimmering altar of Xom.
     2 | D        | Found a snail-covered altar of Cheibriados.
     2 | D        | Found a roughly hewn altar of Beogh.
     3 | D        | Found a bloodstained altar of Trog.
     3 | D        | Found a hide-covered altar of Uskayaw.
     4 | D        | Found an ornate altar of the Wu Jian Council.
     4 | D        | Found a shadowy altar of Dithmenos.
     4 | D        | Found Uclaricw's Magic Scroll Shop.
     4 | D        | Found Qoseam's Staff Store.
     5 | D        | Found Otesehi's Magic Scroll Shop.
     5 | D        | Found Viel's Must-Have Magic.
     5 | D        | Round 1.
     6 | D        | Found a sacrificial altar of Ru.
    14 | D        | Noticed Sigmund
    21 | D        | Killed Sigmund
    21 | D        | Reached skill level 9 in Armour
    21 | D        | Reached XP level 2. HP: 16/26 MP: 1/6
    21 | D        | Reached XP level 3. HP: 20/31 MP: 1/8
    21 | D        | Reached XP level 4. HP: 24/38 MP: 1/9
    21 | D        | Reached XP level 5. HP: 27/43 MP: 1/10
    23 | D        | Found Juntedwa's Delicious Food.
    29 | D        | Found Puwkat's Jewellery.
    30 | D        | Found Kahyza Zimi's Advanced Armour.
    33 | D        | Found a radiant altar of Vehumet.
    33 | D        | Found a burning altar of Makhleb.
    33 | D        | Found a corrupted altar of Lugonu.
    33 | D        | Found Kuacur Bige's Identification Station.
    96 | D        | Found a basalt altar of Yredelemnul.
   129 | D        | Found a glowing silver altar of Zin.
   129 | D        | Arena points: 5 (+5) [x1]
   131 | D        | Found an ancient bone altar of Kikubaaqudgha.
   133 | D        | Found Quodi's Distillery.
   134 | D        | Found Temmugic's Distillery.
   134 | D        | Found Helop's Bottled Wisdom.
   139 | D        | Found Siheynad's Do-It-Yourself Clinic.
   139 | D        | Found a viscous altar of Jiyva.
   139 | D        | Found a stormy altar of Qazlal.
   141 | D        | Bought a potion of mutation for 56 gold pieces
   141 | D        | Gained mutation: You tend to lose your temper in combat. [potion of mutation]
   141 | D        | Gained mutation: You are surrounded by a mild repulsion field. (EV +2) [potion of mutation]
   144 | D        | Round 2.
   181 | D        | Noticed Terence
   185 | D        | Found a glowing golden altar of the Shining One.
   190 | D        | Reached XP level 6. HP: 50/50 MP: 10/12
   194 | D        | Killed Terence
   194 | D        | Reached skill level 5 in Fighting
   194 | D        | Reached skill level 5 in Throwing
   213 | D        | Arena points: 33 (+28) [x2]
   255 | D        | Found an opulent altar of Gozag.
   256 | D        | Found Dasysan's Premium Goods.
   257 | D        | Found Tificw's Miscellaneous Merchandise.
   257 | D        | Found Bakih's Basic Armour.
   264 | D        | Found Ysmey's Weapon Rack.
   264 | D        | Found a blossoming altar of Fedhas.
   264 | D        | Found a deep blue altar of Sif Muna.
   272 | D        | Bought a +0 longbow for 135 gold pieces
   278 | D        | Round 3.
   296 | D        | Noticed an orc warrior
   303 | D        | Killed an orc warrior
   303 | D        | Reached skill level 5 in Stealth
   303 | D        | Reached skill level 5 in Invocations
   338 | D        | Noticed a black bear
   349 | D        | Killed a black bear
   349 | D        | Reached skill level 5 in Short Blades
   349 | D        | Reached skill level 5 in Long Blades
   349 | D        | Reached skill level 5 in Axes
   349 | D        | Reached skill level 5 in Maces & Flails
   349 | D        | Reached skill level 5 in Polearms
   349 | D        | Reached skill level 5 in Staves
   349 | D        | Reached skill level 5 in Slings
   349 | D        | Reached skill level 5 in Crossbows
   349 | D        | Reached skill level 10 in Armour
   349 | D        | Reached skill level 5 in Dodging
   349 | D        | Reached skill level 5 in Shields
   349 | D        | Reached skill level 5 in Unarmed Combat
   349 | D        | Reached skill level 5 in Spellcasting
   349 | D        | Reached skill level 5 in Evocations
   349 | D        | Reached XP level 7. HP: 57/57 MP: 14/14
   385 | D        | Noticed a yak
   401 | D        | Killed a yak
   401 | D        | Arena points: 96 (+63) [x3]
   429 | D        | Round 4.
   429 | D        | Noticed an insubstantial wisp
   440 | D        | Noticed a tyrant leech
   444 | D        | Killed an insubstantial wisp
   446 | D        | Noticed a five-headed hydra
   456 | D        | Killed a five-headed hydra
   456 | D        | Reached skill level 5 in Conjurations
   456 | D        | Reached skill level 5 in Hexes
   456 | D        | Reached skill level 5 in Charms
   456 | D        | Reached skill level 5 in Summonings
   456 | D        | Reached skill level 5 in Necromancy
   456 | D        | Reached skill level 5 in Translocations
   456 | D        | Reached skill level 5 in Transmutations
   456 | D        | Reached skill level 5 in Fire Magic
   456 | D        | Reached skill level 5 in Ice Magic
   456 | D        | Reached skill level 5 in Air Magic
   456 | D        | Reached skill level 5 in Earth Magic
   456 | D        | Reached skill level 5 in Poison Magic
   456 | D        | Reached XP level 8. HP: 34/67 MP: 15/18
   526 | D        | Noticed a six-headed hydra
   531 | D        | HP: 3/67 [six-headed hydra (7)]
   531 | D        | Slain by a six-headed hydra

Vault maps used:
D:        arena_sprint

Skill      XL: |  1  2  3  4  5  6  7 |
---------------+----------------------+-----
Fighting       | 4 5 7 |  7.2
Short Blades   | 3 4 5 6 |  6.7
Long Blades    | 3 4 5 6 |  6.7
Axes           | 3 4 5 6 |  6.7
Maces & Flails | 3 4 5 6 |  6.7
Polearms       | 3 4 5 6 |  6.7
Staves         | 3 4 5 6 |  6.7
Slings         | 3 4 5 6 |  6.7
Bows           | 7 8 9 |  9.4
Crossbows      | 3 4 5 6 |  6.7
Throwing       | 4 5 7 |  7.2
Armour         | 9 10 | 10.7
Dodging        | 3 4 5 6 |  6.7
Stealth        | 4 5 7 |  7.1
Shields        | 3 4 5 6 |  6.7
Unarmed Combat | 3 4 5 6 |  6.7
Spellcasting   | 3 4 5 6 |  6.7
Conjurations   | 2 3 4 5 |  5.5
Hexes          | 2 3 4 5 |  5.5
Charms         | 2 3 4 5 |  5.5
Summonings     | 2 3 4 5 |  5.5
Necromancy     | 2 3 4 5 |  5.5
Translocations | 2 3 4 5 |  5.5
Transmutations | 2 3 4 5 |  5.5
Fire Magic     | 2 3 4 5 |  5.5
Ice Magic      | 2 3 4 5 |  5.5
Air Magic      | 2 3 4 5 |  5.5
Earth Magic    | 2 3 4 5 |  5.5
Poison Magic   | 2 3 4 5 |  5.5
Invocations    | 3 4 5 7 |  7.3
Evocations     | 3 4 5 6 |  6.7

Action                   |  1- 3 |  4- 6 |  7- 9 || total
-------------------------+-------+-------+-------++-------
Melee: Mace              |       |     1 |    12 ||    13
       Bite              |       |       |     3 ||     3
       Shortbow          |       |       |     1 ||     1
 Fire: Shortbow          |    11 |    44 |    19 ||    74
Evoke: Wand              |     2 |     4 |     4 ||    10
  Use: Potion            |       |     1 |       ||     1
       Scroll            |       |       |     1 ||     1
Armor: Robe              |     3 |     1 |       ||     4
       Chain mail        |       |       |    13 ||    13
Dodge: Dodged            |     2 |     5 |    13 ||    20

Table legend:
 A = Spawn XP
 B = Non-spawn XP
 C = Spawn XP percentage of total XP
 D = Spawn monster count
 E = Non-spawn monster count
 F = Spawn count percentage of total count
 G = Total turns spent on level
                    A         B        C        D         E        F      G
               +---------+---------+-------+---------+---------+-------+---------
         Total |       0 |    2030 |   0.0 |       0 |      18 |   0.0 |   531
               +---------+---------+-------+---------+---------+-------+---------
             D |       0 |    2030 |   0.0 |       0 |      18 |   0.0 |   531
               +---------+---------+-------+---------+---------+-------+---------
